 Dungeon Crawl Stone Soup version 0.32-a0-928-g1cae6b7ea0 (webtiles) character file.

Game seed: 15996020822248114632

8180 Fodor the Cruncher (level 11, -1/97 HPs)
             Began as a Minotaur Fighter on Apr 12, 2024.
             Was an Initiate of Gozag.
             Slain by an orc warrior
             ... wielding a +0 mace
              (3 damage)
             ... on level 1 of the Orcish Mines.
             The game lasted 00:37:21 (9279 turns).

Fodor the Cruncher (Minotaur Fighter)               Turns: 9279, Time: 00:37:22

Health: -1/97      AC: 18    Str: 28    XL:     11   Next: 6%
Magic:  10/10      EV: -1    Int:  5    God:    Gozag
Gold:   785        SH:  0    Dex: 16    Spells: 10/10 levels left

rFire   . . .        w - +3 quarterstaff (chaos)
rCold   + + +        (shield currently unavailable)
rNeg    . . .        X - +4 plate armour "Ynum Yfu" {rC++ Str+3}
rPois   .            (helmet currently unavailable)
rElec   .            t - melded +1 cloak
rCorr   .            Q - melded +1 pair of gloves
SInv    .            (boots currently unavailable)
Will    .....        g - amulet of the acrobat Stlth
                     c - ring of protection from cold
HPRegen 0.36/turn    Y - +6 ring of dexterity
MPRegen 0.12/turn

%: acrobat
@: beast-form, gold aura, constricted
A: beast (slay +2), horns 2, retaliatory headbutt
a: Begin Untransformation, Renounce Religion, Potion Petition, Call Merchant,
Bribe Branch


You were on level 1 of the Orcish Mines.
You worshipped Gozag.
Gozag was pleased with you.
You were a hulking beast.
You visited 2 branches of the dungeon, and saw 12 of its levels.
You also visited: Sewer and Ossuary.

You collected 1917 gold pieces.
You spent 346 gold pieces at shops.
You paid 786 gold pieces to Gozag.

Inventory:

Hand Weapons
 p - the +6 arbalest of Ugoabr Wout {freeze, rElec rPois Str+3}
   (You bought it in a shop on level 9 of the Dungeon)

   Str+3:     It affects your strength (+3).
   rElec:     It insulates you from electricity.
   rPois:     It protects you from poison.
 s - a +3 scythe
 w - a +3 quarterstaff of chaos (weapon)
 I - a +0 lajatang of speed
 K - a +0 battleaxe of electrocution
Armour
 n - a +0 pair of boots
 t - a +1 cloak (melded)
 y - a +2 hat
 Q - a +1 pair of gloves (melded)
 X - the +4 plate armour "Ynum Yfu" (worn) {rC++ Str+3}
   (You found it on level 8 of the Dungeon)

   Str+3:     It affects your strength (+3).
   rC++:      It greatly protects you from cold.
Jewellery
 c - a ring of protection from cold (left hand)
 e - a ring of willpower
 g - an amulet of the acrobat (around neck)
 H - an amulet of reflection
 Y - a +6 ring of dexterity (right hand)
Talismans
 j - a beast talisman (active)
 V - a maw talisman
 W - a flux talisman
Wands
 A - a wand of digging (7)
 F - a wand of mindburst (11)
 M - a wand of iceblast (36)
 R - a wand of flame (11)
Scrolls
 a - a scroll of torment {unknown}
 b - a scroll of summoning {unknown}
 h - a scroll of fear {unknown}
 i - 2 scrolls of amnesia
 l - 4 scrolls of vulnerability
 o - 2 scrolls of teleportation
 r - 2 scrolls of noise
 u - a scroll of fog {unknown}
 z - 2 scrolls of revelation
 D - a scroll of enchant weapon {unknown}
 G - a scroll of poison {unknown}
 S - 2 scrolls of immolation
Potions
 d - 3 potions of might
 f - 4 potions of degeneration {unknown}
 k - 5 potions of curing
 m - 4 potions of lignification {unknown}
 x - 2 potions of haste {unknown}
 B - a potion of mutation {unknown}
 C - 2 potions of magic {unknown}
 J - 2 potions of heal wounds {unknown}
 L - a potion of ambrosia
 N - a potion of invisibility {unknown}
 P - 2 potions of resistance {unknown}
 T - 2 potions of attraction {unknown}
 Z - a potion of berserk rage {unknown}


   Skills:
 + Level 9.1 Fighting
 + Level 5.0 Axes
 + Level 11.5 Staves
 + Level 4.3 Ranged Weapons
 + Level 0.9 Throwing
 + Level 9.8 Armour
 + Level 4.0 Dodging
 + Level 2.2 Stealth
 + Level 4.2 Shields
 + Level 4.3 Shapeshifting


You had 10 spell levels left.
You didn't know any spells.
Your spell library contained the following spells:

 Spells                   Type           Power      Damage    Failure   Level
 Summon Small Mammal      Summ           0%         N/A       99%         1
 Call Canine Familiar     Summ           0%         N/A       100%        3
 Inner Flame              Hex/Fire       0%         N/A       100%        3
 Tukima's Dance           Hex            0%         N/A       100%        3
 Passage of Golubria      Tloc           0%         N/A       100%        4
 Summon Blazeheart Golem  Fire/Summ      0%         N/A       100%        4
 Irradiate                Conj/Alch      0%         3d11      100%        5
 Yara's Violent Unravell  Hex/Alch       0%         3d3       100%        5
 Ignition                 Fire           0%         3d3       100%        8


Dungeon Overview and Level Annotations

Branches:
Dungeon (11/15)            Temple (0/1) D:7            Lair (0/5) D:8
    Orc (1/2) D:9           Sewer (visited)         Ossuary (visited)

Altars:
Cheibriados
Gozag
Hepliaklqana
Kikubaaqudgha
Nemelex Xobeh
Ru
Sif Muna
Uskayaw
Xom
Yredelemnul
Zin

Shops:
D:6 (   D:9 (

Portals:
Ice
Cave: Orc:1

Annotations:
D:10 Lodul


Innate Abilities, Weirdness & Mutations

You are a hulking beast.
Your limbs bulge with bestial killing power. (Slay +2)
You have a pair of horns on your head.
You reflexively headbutt those who attack you in melee.


Message History

* * * LOW HITPOINT WARNING * * *
The two-headed ogre simulacrum freezes you.
You resist.
* * * LOW HITPOINT WARNING * * *
The spriggan simulacrum hits you but does no damage.
The orc warrior hits you with a +0 mace.
* * * LOW HITPOINT WARNING * * *
The naga simulacrum hits you but does no damage.
The naga simulacrum constricts you. The elephant simulacrum tramples you.
* * * LOW HITPOINT WARNING * * *
You are held in place!
The elephant simulacrum trunk-slaps you but does no damage.
The troll simulacrum bites you but does no damage.
The troll simulacrum claws you.
* * * LOW HITPOINT WARNING * * *
The troll simulacrum freezes you. You resist.
* * * LOW HITPOINT WARNING * * *
The troll simulacrum claws you but does no damage.
Okay, then.
It was a potion of curing.
You feel better.
The orc warrior hits you but does no damage.
The spriggan simulacrum hits you but does no damage.
You feel better.
The naga simulacrum hits you but does no damage.
The naga simulacrum constricts you.
* * * LOW HITPOINT WARNING * * *
The elephant simulacrum tramples you but does no damage.
The elephant simulacrum trunk-slaps you but does no damage.
The troll simulacrum bites you but does no damage.
The troll simulacrum claws you but does no damage. x2
The two-headed ogre simulacrum hits you but does no damage.
The two-headed ogre simulacrum hits you!
* * * LOW HITPOINT WARNING * * *
The two-headed ogre simulacrum freezes you.
You resist.
* * * LOW HITPOINT WARNING * * *
The orc hits you but does no damage.
The orc warrior hits you with a +0 mace.
You die...
Your body crumbles into a pile of gold.

#. .##. ....
#..#
.##..o####
#....#Z#.##
....#ZohZ.#
......ZZZ.#
.....#.Z..#
##..........#
#.......#....#
##.$.∩......##
##.....#.###
#.....###
#....$#


You could see an orc warrior, an elephant simulacrum, 2 spriggan simulacra, 2
naga simulacra, a two-headed ogre simulacrum, a troll simulacrum and an orc.

Vanquished Creatures
  2 two-headed ogres
  Maurice (D:7)
  A cyclops (D:11)
  The ghost of Cancer the Digger, a novice GrEE (D:6)
  A gargoyle (D:11)
  A kobold demonologist (D:9)
  A komodo dragon (D:8)
  A troll (D:11)
  Grinder (D:3)
  A shadow (D:5)
  Sigmund (D:3)
  4 wyverns
  A yak (D:11)
  A wraith (D:9)
  2 steam dragons
  2 water moccasins
  An ice beast (D:8)
  Pargi (Sewer)
  3 black bears
  2 orc warriors
  3 ogres
  3 centaurs
  A kobold brigand (D:11)
  A brain worm (Sewer)
  A wyvern zombie (D:7)
  3 scorpions
  3 wights (D:8)
  A killer bee (D:7)
  2 howler monkeys
  2 bombardier beetles
  2 centaur zombies (Ossuary)
  A hound (D:6)
  2 gnoll boudas
  3 human zombies (Ossuary)
  5 orc priests
  Crazy Yiuf (D:2)
  A jelly (D:5)
  2 iguanas
  2 sleepcaps
  Natasha (twice) (D:3)
  7 orc wizards
  A wolf simulacrum (Orc:1)
  8 hound zombies (Ossuary)
  2 mummies (Ossuary)
  A howler monkey zombie (D:7)
  12 adders
  10 gnolls
  2 shadow imps
  4 white imps
  6 adder zombies (Ossuary)
  4 dart slugs
  26 orcs
  7 ball pythons
  5 bats
  6 endoplasms
  9 giant cockroaches
  2 gnoll zombies (Ossuary)
  3 goblins
  8 hobgoblins
  2 jackals (D:5)
  5 quokkas
  9 frilled lizards
  8 jackal zombies (Ossuary)
  10 kobolds
  4 kobold zombies (Ossuary)
  3 orc zombies (Ossuary)
  4 rats
238 creatures vanquished.

Vanquished Creatures (others)
  A bullfrog (D:7)
  An iguana (D:7)
  An orc wizard (D:8)
  2 orcs (D:7)
5 creatures vanquished.

Grand Total: 243 creatures vanquished

Notes
Turn   | Place    | Note
-------+----------+-------------------------------------------
     0 | D:1      | Fodor the Minotaur Fighter began the quest for the Orb.
     0 | D:1      | Reached XP level 1. HP: 19/19 MP: 0/0
    82 | D:1      | Reached XP level 2. HP: 27/27 MP: 1/1
   614 | D:2      | Reached XP level 3. HP: 33/33 MP: 2/2
   868 | D:2      | Found a shimmering blue altar of Sif Muna.
  1113 | D:2      | Reached XP level 4. HP: 38/40 MP: 3/3
  1706 | D:2      | Found a runed translucent door.
  1707 | D:2      | Noticed Crazy Yiuf
  1715 | D:2      | Killed Crazy Yiuf
  1915 | D:3      | Reached skill level 1 in Staves
  1915 | D:3      | Reached XP level 5. HP: 27/46 MP: 4/4
  2086 | D:3      | Noticed Natasha
  2096 | D:3      | Killed Natasha
  2097 | D:3      | Reached skill level 5 in Axes
  2109 | D:3      | Found a glowing silver altar of Zin.
  2109 | D:3      | Found a sparkling altar of Nemelex Xobeh.
  2122 | D:3      | Noticed Sigmund
  2131 | D:3      | Killed Sigmund
  2132 | D:3      | Reached skill level 2 in Staves
  2132 | D:3      | Reached XP level 6. HP: 33/55 MP: 5/5
  2164 | D:3      | Reached skill level 3 in Staves
  2212 | D:3      | Found a glowing drain.
  2216 | Sewer    | Entered a sewer
  2231 | Sewer    | Reached skill level 5 in Fighting
  2231 | Sewer    | Reached skill level 5 in Armour
  2231 | Sewer    | Reached skill level 1 in Dodging
  2301 | Sewer    | Noticed Pargi
  2313 | Sewer    | Killed Pargi
  2314 | Sewer    | Reached skill level 4 in Staves
  2314 | Sewer    | Reached skill level 1 in Shapeshifting
  2314 | Sewer    | Reached XP level 7. HP: 37/61 MP: 6/6
  2550 | D:3      | Noticed Grinder
  2559 | D:3      | Noticed Natasha
  2563 | D:3      | Killed Grinder
  2568 | D:3      | Killed Natasha
  3132 | D:4      | Found a sand-covered staircase.
  3141 | Ossuary  | Entered an ossuary
  3196 | Ossuary  | Reached skill level 5 in Staves
  3301 | Ossuary  | Reached XP level 8. HP: 68/69 MP: 7/7
  3620 | D:4      | Reached skill level 6 in Staves
  3642 | D:4      | Found Saenk's Assorted Antiques.
  3903 | D:5      | Entered Level 5 of the Dungeon
  4292 | D:5      | Found an opulent altar of Gozag.
  4297 | D:5      | Became a worshipper of Gozag Ym Sagoz the Greedy
  4496 | D:5      | Reached skill level 7 in Staves
  4672 | D:5      | Found an ancient bone altar of Kikubaaqudgha.
  4933 | D:6      | Found Kecsitwa's Antique Weapon Shop.
  4988 | D:6      | Bought a longbow for 175 gold pieces
  5109 | D:6      | Found a hide-covered altar of Uskayaw.
  5333 | D:6      | Reached XP level 9. HP: 76/78 MP: 8/8
  5419 | D:6      | Found a runed translucent gate.
  5420 | D:6      | Found a runed translucent gate.
  5421 | D:6      | Found a runed translucent gate.
  5423 | D:6      | Noticed Cancer's ghost (novice GrEE)
  5433 | D:6      | Killed Cancer's ghost
  5434 | D:6      | Reached skill level 8 in Staves
  5434 | D:6      | Reached skill level 1 in Ranged Weapons
  5642 | D:6      | Found a snail-covered altar of Cheibriados.
  6541 | D:7      | Found a shimmering altar of Xom.
  6558 | D:7      | Reached skill level 9 in Staves
  6651 | D:7      | Found a staircase to the Ecumenical Temple.
  6678 | D:7      | Noticed Maurice
  6699 | D:7      | Killed Maurice
  6700 | D:7      | Reached skill level 1 in Stealth
  6738 | D:7      | Identified 2 scrolls of acquirement
  6843 | D:7      | Found a basalt altar of Yredelemnul.
  7089 | D:8      | Reached XP level 10. HP: 82/86 MP: 9/9
  7372 | D:8      | Identified the +4 plate armour "Ynum Yfu" {rC++ Str+3}
  7542 | D:8      | Found a staircase to the Lair.
  7556 | D:8      | Reached skill level 10 in Staves
  7891 | D:9      | Found a staircase to the Orcish Mines.
  8001 | D:9      | Found a sacrificial altar of Ru.
  8045 | D:9      | You fall into a shaft and drop 2 floors!
  8051 | D:11     | Acquired a +0 lajatang of speed
  8052 | D:11     | Acquired 595 gold pieces
  8128 | D:11     | Noticed a two-headed ogre
  8133 | D:11     | Noticed a cyclops
  8136 | D:11     | Killed a two-headed ogre
  8147 | D:11     | Killed a cyclops
  8149 | D:11     | Noticed a gargoyle
  8158 | D:11     | Killed a gargoyle
  8159 | D:11     | Reached skill level 11 in Staves
  8309 | D:10     | Entered Level 10 of the Dungeon
  8317 | D:10     | Noticed Lodul
  8332 | D:10     | Found a hazy altar of Hepliaklqana.
  8354 | D:9      | Noticed a two-headed ogre
  8378 | D:9      | Killed a two-headed ogre
  8389 | D:9      | Reached XP level 11. HP: 33/95 MP: 10/10
  9186 | D:9      | Bought an iridescent arbalest for 171 gold pieces
  9186 | D:9      | Identified the +6 arbalest of Ugoabr Wout {freeze, rElec
                  | rPois Str+3} (You bought it in a shop on level 9 of the
                  | Dungeon)
  9264 | Orc:1    | Entered Level 1 of the Orcish Mines
  9264 | Orc:1    | Found a frozen archway.
  9277 | Orc:1    | HP: 3/97 [troll simulacrum (3)]
  9279 | Orc:1    | Slain by an orc warrior

Illustrated notes

Levels and vault maps discovered:
D:1:      dpeg_arrival_erosion, layout_rooms
D:2:      mumra_celtic_spiral_tile, layout_basic, basic_altar,
          uniq_crazy_yiuf_cottage
D:3:      layout_rooms, gammafunk_temple_overflow_elements,
          gup_sewer_entry_spiral, uniq_sigmund, uniq_grinder, uniq_natasha
D:4:      layout_basic, mainiacjoe_ossuary_entry_dusty_tomb, serial_shops, shop
D:5:      layout_basic, mainiacjoe_overflow_big_doors
D:6:      layout_layer_cave, nicolae_uskayaw_suspiria, cheibriados_altar_1,
          serial_shops, nicolae_shop_tiny_statue_garden,
          ebering_ghost_rock_garden, chequers_serial_rivers_room_b
D:7:      minmay_klotski, layout_rooms, xom_confusion_cloud,
          lemuel_zombie_altar_yredelemnul, minmay_temple_entry_poolview,
          uniq_maurice
D:8:      layout_cave_pools, david_lair_shrubbed
D:9:      layout_cross, mainiacjoe_overflow_24_doors, orc_0_dummy,
          serial_column_ruins, column_ruins_courtyard_long, column_ruins_hut,
          column_ruins_columns_straight, column_ruins_columns_T,
          column_ruins_open_tiny, column_ruins_open_tiny,
          column_ruins_open_small
D:10:     layout_cave_pods, general_overflow_altar, uniq_lodul
D:11:     minmay_the_grid_net [minmay_the_grid_odd_star, minmay_the_grid_spikes,
          minmay_the_grid_tiny_cups, minmay_the_grid_rooms,
          minmay_the_grid_zigzag_pyramid, minmay_the_grid_prize_big_room],
          layout_gridville, uniq_fannar
Orc:1:    layout_caves, portal_ice_cave_entry_ice_simulacra, led_sif_book

Skill      XL: |  1  2  3  4  5  6  7  8  9 10 11 |
---------------+----------------------------------+-----
Fighting       | 4 5 6 7 8 9 |  9.1
Axes           | 3 4 5 |  5.0
Armour         | 4 5 6 8 9 |  9.8
Shields        | 4 |  4.2
Staves         | 1 2 4 5 7 9 11 | 11.5
Dodging        | 1 2 3 4 |  4.0
Shapeshifting  | 1 2 3 4 |  4.3
Ranged Weapons | 3 4 |  4.3
Stealth        | 1 2 |  2.2
Throwing       | |  0.9

Action                     |  1- 3 |  4- 6 |  7- 9 | 10-12 || total
---------------------------+-------+-------+-------+-------++-------
  Melee: War axe           |    92 |    21 |       |       ||   113
         Headbutt          |     9 |    10 |    44 |    22 ||    85
         Quarterstaff      |       |    71 |   265 |    71 ||   407
         Lajatang          |       |       |       |    46 ||    46
   Fire: Longbow           |       |       |    19 |     7 ||    26
         Arbalest          |       |       |       |     1 ||     1
  Throw: Dart              |    18 |       |       |       ||    18
 Invoke: Call Merchant     |       |       |       |     1 ||     1
  Evoke: Wand              |       |       |       |     1 ||     1
    Use: Scroll            |       |       |    11 |     6 ||    17
         Potion            |       |       |       |     3 ||     3
   Stab: Confused          |       |       |     1 |     1 ||     2
         Petrifying        |       |       |       |     2 ||     2
 Armour: Scale mail        |    69 |    96 |   189 |       ||   354
         Chain mail        |       |       |    18 |    27 ||    45
         Plate armour      |       |       |       |   133 ||   133
  Dodge: Dodged            |    49 |    70 |   212 |    92 ||   423
  Block: Buckler           |    20 |     6 |       |       ||    26
   Form: Beast             |     1 |     2 |     1 |     2 ||     6
                           |       |     2 |     1 |     2 ||     5

Table legend: (Time is in decaauts)
 A = Elapsed time spent in this place.
 B = Non-inter-level travel time spent in this place.
 C = Inter-level travel time spent in this place.
 D = Time resting spent in this place.
 E = Time spent auto-exploring this place.
 F = Levels seen in this place.
 G = Mean time per level.
                   A        B        C        D        E       F      G
               +--------+--------+--------+--------+--------+-----+--------+
         Total |   9372 |   9250 |    122 |    503 |   5693 |  14 |  669.4 |
       Dungeon |   8730 |   8608 |    122 |    425 |   5478 |  11 |  793.6 |
  Orcish Mines |     13 |     13 |      0 |      0 |      0 |   1 |   13.0 |
         Sewer |    316 |    316 |      0 |     78 |    139 |   1 |  316.0 |
       Ossuary |    312 |    312 |      0 |      0 |     76 |   1 |  312.0 |
               +--------+--------+--------+--------+--------+-----+--------+

Top non-repeatable levels by time:
     D:6: 1414 daAuts
     D:2: 1322 daAuts
     D:9: 1112 daAuts
     D:5: 1014 daAuts
     D:8: 808 daAuts
     D:3: 774 daAuts
     D:4: 687 daAuts
     D:7: 677 daAuts
     D:1: 621 daAuts
   Sewer: 316 daAuts
 Ossuary: 312 daAuts
    D:11: 257 daAuts
    D:10: 39 daAuts
   Orc:1: 13 daAuts
